 Dungeon Crawl Stone Soup version 0.27.0-1-g7a089689b8 (webtiles) character file.

Game seed: 3275865464162068734

83 dolemite99 the Magician (level 4, 0/35 HPs)
             Began as a Djinni Ice Elementalist on Aug 12, 2021.
             Was an Initiate of Fedhas.
             Hit by a boomerang thrown by an orc (2 damage)
             ... on level 3 of the Dungeon.
             The game lasted 00:04:00 (3803 turns).

dolemite99 the Magician (Djinni Ice Elementalist)   Turns: 3803, Time: 00:04:01

Health: 0/35       AC:  2    Str:  7    XL:     4   Next: 71%
Gold:   112        EV: 12    Int: 17    God:    Fedhas [......] SH:  0 Dex: 14

rFire    + + .     SeeInvis .   a - staff of cold
rCold    . . .     Faith    .   (no shield)
rNeg     . . .     Spirit   .   j - +0 robe
rPois    ∞         Reflect  .   (no helmet)
rElec    .         Harm     .   (no cloak)
rCorr    .         Rampage  .   (no gloves)
Will     .....                  (boots unavailable)
Stlth    ++........             (no amulet)
HPRegen  0.11/turn              (no ring)
MPRegen  0.00/turn              (no ring)

@: flying
A: sickness immunity, fire resistance 2, cold vulnerability 1, float, innate
caster, hp casting, extra vitality 1
a: Renounce Religion


You were on level 3 of the Dungeon.
You worshipped Fedhas.
Fedhas was noncommittal.
You visited 1 branch of the dungeon, and saw 3 of its levels.

You collected 112 gold pieces.

Inventory:

Hand Weapons
 b - a +0 dagger
 f - a +0 hunting sling
 o - a +0 hunting sling
Missiles
 c - 101 stones
 e - 59 arrows
 i - 5 javelins (quivered)
Armour
 j - a +0 robe (worn)
Magical Staves
 a - a staff of cold (weapon)
Jewellery
 m - a +6 ring of strength
Scrolls
 d - a scroll of immolation {unknown}
 h - a scroll of fear {unknown}
 k - 2 scrolls of teleportation {unknown}
 l - a scroll of identify {unknown}
 n - 2 scrolls of fog
 p - a scroll of vulnerability {unknown}
 s - a scroll of amnesia {unknown}
Potions
 g - 2 potions of mutation {unknown}
 q - a potion of heal wounds {unknown}
 r - a potion of lignification {unknown}


   Skills:
 + Level 3.0 Fighting
 - Level 2.4 Dodging
 - Level 1.8 Stealth
 + Level 3.6 Spellcasting


You couldn't memorise any spells.
You knew the following spells:

 Your Spells              Type           Power      Damage    Failure   Level
a - Freeze                Ice            92%        1d10      3%          1
b - Frozen Ramparts       Ice            46%        1d6       11%         3
c - Ozocubu's Armour      Ice            23%        N/A       11%         3
d - Hailstorm             Conj/Ice       23%        3d7       36%         4
e - Pain                  Necr           60%        1d7       3%          1
Your spell library was empty.

Dungeon Overview and Level Annotations

Branches:
Dungeon (3/15)

Altars:
Fedhas


Innate Abilities, Weirdness & Mutations

You are immune to sickness and miasma.
You are immune to poison.
Your flesh is very heat resistant. (rF++)
You are vulnerable to cold. (rC-)
You float through the air rather than walking.
You learn spells naturally, not from books.
Your magical power is your life essence.
You have superior vitality. (+4 HP)


Message History

Press: ? - help, Shift-Dir - straight line, f - gnoll
Aim: a gnoll, wielding a +0 whip and wearing a +0 robe You feel a surge of power!
You freeze the gnoll.
The gnoll is moderately wounded.
The gnoll hits you with a +0 whip.
* * * LOW HITPOINT WARNING * * *
Casting: Freeze (safe; 3% risk of failure)
Confirm with . or Enter, or press ? or * to list all spells.
Aiming: Freeze (safe; 3% risk of failure)
Press: ? - help, Shift-Dir - straight line, f/p - gnoll
Aim: a gnoll, wielding a +0 whip and wearing a +0 robe (moderately wounded)
You feel a surge of power!
You freeze the gnoll!
The gnoll is severely wounded.
* * * LOW HITPOINT WARNING * * *
The gnoll hits you with a +0 whip.
* * * LOW HITPOINT WARNING * * *
Casting: Freeze (safe; 3% risk of failure)
Confirm with . or Enter, or press ? or * to list all spells.
Aiming: Freeze (safe; 3% risk of failure)
Press: ? - help, Shift-Dir - straight line, f/p - gnoll
Aim: a gnoll, wielding a +0 whip and wearing a +0 robe (severely wounded)
You feel a surge of power!
You freeze the gnoll.
The gnoll is almost dead.
* * * LOW HITPOINT WARNING * * *
The gnoll barely misses you.
Casting: Freeze (safe; 3% risk of failure)
Confirm with . or Enter, or press ? or * to list all spells.
Aiming: Freeze (safe; 3% risk of failure)
Press: ? - help, Shift-Dir - straight line, f/p - gnoll
Aim: a gnoll, wielding a +0 whip and wearing a +0 robe (almost dead)
You feel a surge of power!
You freeze the gnoll.
You kill the gnoll!
Fedhas appreciates your contribution to the ecosystem.
* * * LOW HITPOINT WARNING * * *
The orc throws a boomerang.
The boomerang closely misses you.
Your Fighting skill increases to level 3!
The orc throws a boomerang.
The boomerang barely misses you.
The orc throws a boomerang.
The boomerang hits you.
You die...
Fedhas appreciates your contribution to the ecosystem.

#.####### #.......#
#.#####.# ##.# #.# ...# #.#
########.# .........#
.........################
.........##..o..@.......#
.........##..g....#####.###
..........)..............>#
........###.....#....##.#.#
........# #.....####.##...#
######### #.....# #.######
#.....# #.# ####'##
#.########### #.#
#...........#


You could see a gnoll and an orc.

Vanquished Creatures
  3 gnolls (D:3)
  A dart slug (D:2)
  3 orcs (D:3)
  3 endoplasms
  4 goblins
  5 hobgoblins
  4 jackals
  5 kobolds
  4 quokkas
  4 ball pythons
  3 bats
  A frilled lizard (D:3)
  2 rats (D:1)
42 creatures vanquished.

Notes
Turn   | Place    | Note
-------+----------+-------------------------------------------
     0 | D:1      | dolemite99 the Djinni Ice Elementalist began the quest for
                  | the Orb.
     0 | D:1      | Reached XP level 1. HP: 15/15 MP: 0/0
   529 | D:1      | Reached XP level 2. HP: 10/21 MP: 0/0
  1319 | D:1      | Reached skill level 1 in Fighting
  1752 | D:1      | Reached XP level 3. HP: 26/27 MP: 0/0
  1752 | D:1      | Learned a level 1 spell: Pain
  1877 | D:2      | Found a faded altar of an unknown god.
  1878 | D:2      | Noticed a floating eye
  1879 | D:2      | Noticed an eye of devastation
  1880 | D:2      | Noticed an eye of devastation
  1880 | D:2      | Noticed an eye of devastation
  2067 | D:2      | Found a blossoming altar of Fedhas.
  2088 | D:2      | Became a worshipper of Fedhas Madash
  3640 | D:3      | Reached XP level 4. HP: 32/34 MP: 0/0
  3803 | D:3      | Hit by a boomerang thrown by an orc

Illustrated notes

Levels and vault maps discovered:
D:1:      dpeg_arrival_tiny_k, layout_loops_cross, skrybe_limestone_x
D:2:      layout_basic, basic_altar, hellmonk_ecumenical_altar_watching_god
D:3:      layout_basic, tso_altar

Skill      XL: |  1  2  3  4 |
---------------+-------------+-----
Fighting       | 1 2 3 |  3.0
Dodging        | |  2.4
Stealth        | |  1.8
Spellcasting   | |  3.6

Action                   |  1- 3 |  4- 6 || total
-------------------------+-------+-------++-------
Melee: Dagger            |     4 |       ||     4
       Staff             |       |     1 ||     1
 Cast: Freeze            |    55 |    14 ||    69
  Use: Scroll            |     1 |       ||     1
Armor: Robe              |    15 |     1 ||    16
Dodge: Dodged            |    41 |    16 ||    57
